AoeStats
← Navix de los Bosques de Lituania

Black Forest

509525710Analyzed
3v3 RM · 3d ago on Sep 27, 2026· 58m 35s· 6 players
Game mode
Random Map
Map size
Normal (6 player)
Population
200
Speed
Normal
Resources
Standard
Victory
Conquest
Starting age
Dark Age
Ending age
Imperial Age
RankedLock teamsTeams togetherTeam positionsShared explorationLock speedFull tech treeHidden civsTurbo modeCheats
Victory
Defeat
🇮🇩 Bohemians · Indonesia
801
+16
🇻🇳 Mongols · Vietnam
797
+16
🇹🇼 Spanish · Taiwan
797
+16
🇨🇴 Persians · Colombia
829
-17
811
-16
🇮🇩 Franks · Indonesia
763
-15
verna7019
2:17 Loom
11:56 Feudal Age
17:19 Castle Age
16:42 Forging
16:21 Double-Bit Axe
16:29 Stone Mining
17:17 Gold Mining
32:17 Imperial Age
35:07 Redemption
35:18 Fletching
36:04 Iron Casting
38:44 Illumination
41:27 Theocracy
42:11 Conscription
42:31 Wheelbarrow
43:12 Fervor
42:36 Elite Skirmisher
45:08 Bloodlines
45:33 Sanctity
45:00 Light Cavalry
45:45 Husbandry
46:03 Scale Barding Armor
47:00 Blast Furnace
45:56 Bodkin Arrow
46:01 Padded Archer Armor
47:29 Chemistry
49:15 Bow Saw
49:36 Bracer
49:58 Chain Barding Armor
51:05 Ballistics
50:24 Hussar
51:28 Horse Collar
54:11 Elite Conquistador
luke_the_black_cat
0:39 Loom
12:18 Feudal Age
23:23 Double-Bit Axe
30:28 Castle Age
31:57 Gold Mining
34:17 Fletching
36:16 Bow Saw
37:48 Fishing Lines
38:18 Bodkin Arrow
40:26 Ballistics
40:51 Masonry
48:57 Imperial Age
47:03 Wheelbarrow
50:46 Bloodlines
49:57 Light Cavalry
50:48 Scale Barding Armor
50:54 Forging
50:45 Bracer
52:00 Thumb Ring
51:19 Elite Mangudai
52:05 Hussar
54:19 Hoardings
Emperorlinox
11:35 Feudal Age
12:12 Loom
15:57 Castle Age
15:36 Horse Collar
15:42 Double-Bit Axe
16:48 Wheelbarrow
18:04 Fervor
18:22 Bow Saw
19:22 Heavy Plow
24:55 Hand Cart
24:28 Town Watch
29:40 Imperial Age
32:01 Two-Man Saw
31:25 Town Patrol
32:48 Forging
32:27 Pikeman
33:07 Squires
32:53 Arson
33:15 Padded Archer Armor
33:26 Scale Mail Armor
34:25 Iron Casting
33:43 Fletching
33:24 Halberdier
33:49 Man-at-Arms
34:49 Chain Mail Armor
34:51 Leather Archer Armor
34:39 Bodkin Arrow
35:53 Chemistry
35:19 Ballistics
34:56 Long Swordsman
36:32 Sanctity
37:16 Blast Furnace
36:18 Bracer
36:50 Ring Archer Armor
36:53 Plate Mail Armor
36:23 Murder Holes
36:36 Siege Engineers
37:38 Theocracy
36:42 Two-Handed Swordsman
38:00 Champion
38:15 Houfnice
39:25 Masonry
40:12 Conscription
40:13 Hussite Reforms
41:37 Wagenburg Tactics
43:37 Caravan
43:49 Guilds
44:27 Architecture
47:08 Heresy
46:55 Devotion
49:24 Illumination
49:17 Block Printing
Navix de los Bosques de Lituania
4:30 Loom
12:45 Feudal Age
17:09 Castle Age
16:39 Double-Bit Axe
17:03 Fletching
17:13 Padded Archer Armor
18:25 Wheelbarrow
17:33 Horse Collar
18:45 Coinage
18:25 Caravan
22:56 Elite Skirmisher
24:38 Pikeman
25:49 Scale Mail Armor
26:17 Forging
26:50 Arson
27:06 Squires
27:24 Man-at-Arms
28:51 Hand Cart
29:27 Bodkin Arrow
29:47 Leather Archer Armor
33:09 Leather Archer Armor
33:30 Iron Casting
33:10 Chain Mail Armor
35:08 Thumb Ring
35:31 Crossbowman
36:48 Ballistics
36:38 Masonry
37:51 Stone Mining
37:51 Gold Mining
42:40 Imperial Age
42:23 Murder Holes
43:12 Elite Chu Ko Nu
45:05 Chemistry
44:36 Architecture
44:20 Fortified Wall
44:24 Great Wall
45:36 Ring Archer Armor
45:06 Bracer
46:07 Blast Furnace
45:37 Plate Mail Armor
46:12 Banking
46:58 Sappers
53:31 Arbalester
Derzer
9:08 Feudal Age
11:24 Man-at-Arms
13:11 Arson
19:03 Scale Mail Armor
23:14 Double-Bit Axe
23:46 Town Watch
24:37 Wheelbarrow
27:05 Castle Age
25:30 Horse Collar
28:00 Town Patrol
28:32 Caravan
29:29 Gold Mining
29:32 Stone Mining
30:45 Husbandry
32:28 Gold Shaft Mining
32:27 Bow Saw
32:19 Heavy Plow
32:58 Wheelbarrow
33:48 Scale Barding Armor
34:48 Bloodlines
36:43 Hand Cart
37:04 Coinage
40:40 Chain Barding Armor
41:31 Stone Shaft Mining
44:59 Imperial Age
43:24 Forging
44:53 Iron Casting
45:03 Cavalier
45:08 Heavy Camel Rider
46:27 Banking
47:35 Conscription
47:38 Citadels
48:06 Hoardings
47:12 Savar
48:59 Plate Barding Armor
50:55 Guilds
52:17 Heavy Scorpion
Muda Djaya
0:30 Loom
13:56 Feudal Age
18:51 Castle Age
17:18 Double-Bit Axe
20:00 Pikeman
20:41 Squires
24:25 Bow Saw
27:26 Padded Archer Armor
27:17 Fletching
41:49 Gold Mining
42:15 Stone Mining
47:20 Imperial Age
46:24 Town Watch
47:15 Wheelbarrow
47:24 Caravan
47:54 Coinage
49:43 Gold Shaft Mining
48:45 Cavalier
49:26 Husbandry
48:50 Halberdier
50:48 Scale Barding Armor
50:55 Forging
50:22 Paladin
55:58 Chain Barding Armor
56:14 Iron Casting
Connection lost

Rejoining the realm…

Still unreachable

The connection could not be restored.

Session expired

The server has moved on; the page needs a fresh start.